 Dungeon Crawl Stone Soup version 0.21.0-24-g2553a33 (webtiles) character file.

518 Monsterracer the Shooter (level 7, -10/66 HPs)
             Began as a Naga Hunter on Jan 21, 2018.
             Was an Initiate of Okawaru.
             Killed from afar by Dowan (16 damage)
             ... with a shard of ice
             ... on level 4 of the Dungeon.
             The game lasted 00:06:37 (3560 turns).

Monsterracer the Shooter (Naga Hunter)              Turns: 3560, Time: 00:06:38

Health: -10/66     AC:  6    Str: 16    XL:     7   Next: 21%
Magic:  0/7        EV:  8    Int: 12    God:    Okawaru [......]
Gold:   115        SH:  0    Dex: 11    Spells: 6/6 levels left

rFire    . . .     SeeInvis +   a - +1 shortbow
rCold    . . .     Gourm    .   (shield currently unavailable)
rNeg     . . .     Faith    .   h - +0 ring mail
rPois    +         Spirit   +   (no helmet)
rElec    .         Reflect  .   (no cloak)
rCorr    .         Harm     .   o - +0 pair of gloves
MR       .....                  (no barding)
Stlth    +.........             j - amulet of guardian spirit
HPRegen  0.21/turn              (no ring)
MPRegen  0.10/turn              (no ring)

@: short of breath, very slow
A: large, see invisible, deformed body, poison resistance, slowness 2, slow
metabolism 1, spit poison 1, AC +2
a: Spit Poison, Renounce Religion


You were on level 4 of the Dungeon.
You worshipped Okawaru.
Okawaru was noncommittal.
You were not hungry.

You visited 2 branches of the dungeon, and saw 5 of its levels.

You collected 115 gold pieces.

Inventory:

Hand Weapons
 a - a +1 shortbow (weapon)
 b - a +1 short sword of venom
Missiles
 d - 11 arrows (quivered)
Armour
 h - a +0 ring mail (worn)
 o - a +0 pair of gloves (worn)
Jewellery
 j - an amulet of guardian spirit (around neck)
Scrolls
 e - 5 scrolls of remove curse {unknown}
 g - a scroll of identify {unknown}
 i - a scroll of fog {unknown}
 k - a scroll of random uselessness {unknown}
 n - 4 scrolls of amnesia {unknown}
 q - a scroll of enchant weapon {unknown}
 s - a scroll of enchant armour {unknown}
Potions
 f - a potion of heal wounds
 l - a potion of resistance {unknown}
 m - a potion of brilliance {unknown}
 p - a potion of flight
 r - a potion of lignification {unknown}
 t - a potion of agility {unknown}
Comestibles
 c - 6 rations


   Skills:
 + Level 4.3 Fighting
 * Level 6.3 Bows
 + Level 1.4 Armour
 - Level 1.5 Dodging
 - Level 1.5 Stealth
 + Level 1.0 Invocations


You had 6 spell levels left.
You didn't know any spells.

Dungeon Overview and Level Annotations

Branches:
Dungeon (4/15)             Temple (1/1) D:4

Altars:
Ashenzari
Cheibriados
Dithmenos
Elyvilon
Fedhas
Gozag
Hepliaklqana
Makhleb
Nemelex Xobeh
Okawaru
Qazlal
Ru
Sif Muna
Trog
Uskayaw
Vehumet
Wu Jian
Xom
Yredelemnul
Zin
The Shining One

Annotations:
D:4 Dowan


Innate Abilities, Weirdness & Mutations

You cannot wear boots.
Your serpentine skin is tough. (AC +2)
You have supernaturally acute eyesight. (SInv)
Armour fits poorly on your strangely shaped body.
Your system is resistant to poisons. (rPois)
You cover ground very slowly.
You have a slow metabolism.
You can spit poison.


Message History

Dowan seems to find hidden reserves of power!
Your Invocations skill increases to level 1!
You have reached level 7!
Dowan casts a spell.
Dowan blinks!
You regained 6 hp, and now have 43/66 hp.
You completely miss Dowan. Dowan hits you but does no damage.
You hit Dowan but do no damage.
Dowan is poisoned.
You have got your breath back.
Dowan gestures wildly while chanting.
Dowan blinks!
Your +1 short sword of venom stops dripping with poison.
a - a +1 shortbow (weapon)
Press: ? - help, Shift-Dir - straight line, f - Dowan
Aim: Dowan, wielding a dagger and wearing a robe (lightly wounded, fast, poisoned)
The splash of poison hits Dowan.
Dowan looks even sicker.
Dowan is lightly wounded.
You feel slightly more hungry.
Firing (i - inventory):
d - 19 arrows (quivered)
Press: ? - help, Shift-Dir - straight line, f/p - Dowan
Aim: Dowan, wielding a dagger and wearing a robe (lightly wounded, fast, poisoned)
You shoot an arrow. The arrow misses Dowan.
Firing (i - inventory):
d - 18 arrows (quivered)
Press: ? - help, Shift-Dir - straight line, f/p - Dowan
Aim: Dowan, wielding a dagger and wearing a robe (lightly wounded, fast, poisoned)
You shoot an arrow. The arrow hits Dowan.
Dowan is moderately wounded.
Dowan casts a spell at you. The stone arrow misses you.
Your +1 short sword of venom begins to drip with poison!
b - a +1 short sword of venom (weapon)
You closely miss Dowan.
Dowan is heavily wounded.
Dowan hits you with a dagger. Dowan hits you but does no damage.
You take 4 damage, and have 41/66 hp.
You hit Dowan but do no damage.
Dowan is heavily wounded.
Dowan barely misses you.
You closely miss Dowan.
Dowan is heavily wounded.
You have got your breath back.
Dowan closely misses you. Dowan hits you with a dagger.
You take 3 damage, and have 38/66 hp.
You now have 5/7 mp.
Press: ? - help, Shift-Dir - straight line, f/p - Dowan
Aim: Dowan, wielding a dagger and wearing a robe (heavily wounded, fast, poisoned)
The splash of poison misses Dowan.
You feel slightly more hungry.
Dowan gestures wildly while chanting.
Dowan blinks!
Your +1 short sword of venom stops dripping with poison.
a - a +1 shortbow (weapon)
Firing (i - inventory):
d - 17 arrows (quivered)
Press: ? - help, Shift-Dir - straight line, f/p - Dowan
Aim: Dowan, wielding a dagger and wearing a robe (heavily wounded, fast, poisoned)
You shoot an arrow. The arrow barely misses Dowan.
Dowan hits you but does no damage.
Firing (i - inventory):
d - 16 arrows (quivered)
Press: ? - help, Shift-Dir - straight line, f/p - Dowan
Aim: Dowan, wielding a dagger and wearing a robe (heavily wounded, fast, poisoned)
You shoot an arrow.
The arrow hits Dowan but does no damage.
Dowan is heavily wounded.
Dowan casts a spell at you. The shard of ice hits you!
* * * LOW HITPOINT WARNING * * *
You take 18 damage, and have 21/66 hp.
MASSIVE DAMAGE!!
You now have 3/7 mp.
Firing (i - inventory):
d - 15 arrows (quivered)
Press: ? - help, Shift-Dir - straight line, f/p - Dowan
Aim: Dowan, wielding a dagger and wearing a robe (heavily wounded, fast, poisoned)
You shoot an arrow. The arrow hits Dowan!
Dowan is almost dead.
Dowan gestures at you while chanting. The shard of ice misses you.
Dowan gestures at you while chanting. The stone arrow hits you!
* * * LOW HITPOINT WARNING * * *
You take 16 damage, and have 5/66 hp.
MASSIVE DAMAGE!!
You now have 1/7 mp.
Firing (i - inventory):
d - 14 arrows (quivered)
Press: ? - help, Shift-Dir - straight line, f/p - Dowan
Aim: Dowan, wielding a dagger and wearing a robe (almost dead, fast, poisoned)
You shoot an arrow. The arrow closely misses Dowan.
Dowan barely misses you.
Firing (i - inventory):
d - 13 arrows (quivered)
Press: ? - help, Shift-Dir - straight line, f/p - Dowan
Aim: Dowan, wielding a dagger and wearing a robe (almost dead, fast, poisoned)
You shoot an arrow. The arrow barely misses Dowan.
Dowan gestures wildly while chanting.
Dowan blinks!
Dowan says, "Her death will not be in vain!"
Dowan mumbles some strange words.
Dowan blinks!
Firing (i - inventory):
d - 12 arrows (quivered)
Press: ? - help, Shift-Dir - straight line, f/p - Dowan
Aim: Dowan, wielding a dagger and wearing a robe (almost dead, fast, poisoned)
You shoot an arrow. The arrow barely misses Dowan.
You have got your breath back.
Press: ? - help, Shift-Dir - straight line, f/p - Dowan
Aim: Dowan, wielding a dagger and wearing a robe (almost dead, fast, poisoned)
The splash of poison misses Dowan.
You feel slightly more hungry. Dowan casts a spell at you.
The shard of ice hits you!
You die...

#.........
##...(.....
#......[... .
#....e..... ..
#...(...... ...
#...# .... ##.(.#
.....##..)##
.........@####
.........(.(.###
...#####....>....
#............
##.........(..
##.........^...
#..............
#....(.........
##............. .


You could see Dowan.

Vanquished Creatures
  Duvessa (D:4)
  An ogre (D:4)
  A scorpion (D:4)
  An orc priest (D:4)
  2 orc wizards (D:3)
  An iguana (D:4)
  Terence (D:2)
  A worker ant (D:4)
  4 adders
  A howler monkey skeleton (D:4)
  An ooze (D:2)
  2 dart slugs
  A leopard gecko (D:2)
  9 orcs
  5 bats
  3 giant cockroaches
  12 goblins
  6 hobgoblins
  3 jackals (D:4)
  A ball python (D:1)
  5 frilled lizards
  5 kobolds
  A quokka skeleton (D:3)
  6 rats
74 creatures vanquished.

Notes
Turn   | Place    | Note
-------+----------+-------------------------------------------
     0 | D:1      | Monsterracer the Naga Hunter began the quest for the Orb.
     0 | D:1      | Reached XP level 1. HP: 19/19 MP: 1/1
   256 | D:1      | Reached XP level 2. HP: 25/26 MP: 2/2
   375 | D:1      | Reached skill level 4 in Bows
   717 | D:2      | Reached XP level 3. HP: 32/33 MP: 3/3
   852 | D:2      | Noticed Terence
   861 | D:2      | HP: 16/33 [poisoned by Terence]
   863 | D:2      | Killed Terence
   863 | D:2      | Reached skill level 1 in Armour
   863 | D:2      | Reached XP level 4. HP: 13/40 MP: 2/4
   887 | D:2      | HP: 20/40 [poisoned by Terence]
   893 | D:2      | HP: 19/40 [poisoned by Terence]
   901 | D:2      | HP: 18/40 [poisoned by Terence]
  2048 | D:3      | Reached XP level 5. HP: 49/49 MP: 5/5
  2053 | D:3      | Reached skill level 5 in Bows
  2699 | D:4      | Noticed an ogre
  2706 | D:4      | HP: 18/49 [ogre/giant spiked club (15)]
  2708 | D:4      | Killed an ogre
  2708 | D:4      | Reached XP level 6. HP: 21/57 MP: 1/6
  2713 | D:4      | HP: 19/57 [jackal (3)]
  3001 | D:4      | HP: 23/57 [iguana (9)]
  3239 | D:4      | Found a staircase to the Ecumenical Temple.
  3260 | D:4      | Reached skill level 6 in Bows
  3325 | Temple   | Entered the Ecumenical Temple
  3374 | Temple   | Became a worshipper of Warmaster Okawaru
  3526 | D:4      | Noticed Duvessa
  3529 | D:4      | Noticed Dowan
  3541 | D:4      | Killed Duvessa
  3541 | D:4      | Reached skill level 1 in Invocations
  3541 | D:4      | Reached XP level 7. HP: 43/66 MP: 5/7
  3555 | D:4      | HP: 21/66 [Dowan/shard of ice (18)]
  3556 | D:4      | HP: 5/66 [Dowan/stone arrow (16)]
  3560 | D:4      | Killed from afar by Dowan

Skill      XL: |  1  2  3  4  5  6 |
---------------+-------------------+-----
Bows           | 4 5 6 |  6.3
Armour         | 1 |  1.4
Fighting       | 3 4 |  4.3
Invocations    | 1 |  1.0
Dodging        | |  1.5
Stealth        | |  1.5

Action                   |  1- 3 |  4- 6 |  7- 9 || total
-------------------------+-------+-------+-------++-------
Melee: Spear             |    68 |       |       ||    68
       Dagger            |     3 |       |       ||     3
       Short sword       |       |   102 |     5 ||   107
 Fire: Shortbow          |     5 |    22 |     8 ||    35
 Abil: Spit Poison       |     8 |    21 |     3 ||    32
  Use: Potion            |       |     2 |       ||     2
  Eat: Chunk             |       |     8 |       ||     8
Armor: Ring mail         |    23 |    39 |     3 ||    65
Dodge: Dodged            |    28 |    52 |     5 ||    85

Vault maps used:
D:1:      lightli_arrival_quake, serial_glass, glass_columns_b, glass_columns_b
D:2:      uniq_terence
D:3:      kennysheep_generic_room_14
D:4:      temple_pool_b, first_ration, uniq_duvessa
Temple:   compressed_dpeg_triangle_lava_temple
